 Dungeon Crawl Stone Soup version 0.28-a0-536-g4f1c8046e5 (webtiles) character file.

Game seed: 441953344847962482

13 IndexError the Skirmisher (level 2, -2/25 HPs)
             Began as a Djinni Cinder Acolyte on Sept 27, 2021.
             Was a High Priest of Ignis.
             Killed from afar by a dart slug (4 damage)
             ... with a slug dart
             ... on level 1 of the Dungeon.
             The game lasted 00:00:26 (448 turns).

IndexError the Skirmisher (Djinni Cinder Acolyte)    Turns: 448, Time: 00:00:26

Health: -2/25      AC:  2    Str: 13    XL:     2   Next: 50%
Gold:   0          EV: 11    Int: 15    God:    Ignis [*****.] SH:  0 Dex:  8

rFire   + + +      SeeInvis .   a - -1 falchion (flame)
rCold   x . .      Faith    .   (no shield)
rNeg    . . .      Spirit   .   b - +0 robe
rPois   ∞          Reflect  .   (no helmet)
rElec   .          Harm     .   (no cloak)
rCorr   .          Rampage  .   (no gloves)
Will    .....                   (boots unavailable)
Stlth   +.........              (no amulet)
HPRegen 0.08/turn               (no ring)
MPRegen 0.00/turn               (no ring)

@: flying
A: sickness immunity, fire resistance 2, cold vulnerability 1, float, innate
caster, hp casting, extra vitality 1
a: Renounce Religion, Sea of Fire, Foxfire Swarm, Rising Flame


You were on level 1 of the Dungeon.
You worshipped Ignis.
Ignis was extremely pleased with you.
You visited 1 branch of the dungeon, and saw 1 of its levels.

Inventory:

Hand Weapons
 a - a -1 falchion of flaming (weapon)
Armour
 b - a +0 robe (worn)
Scrolls
 c - a scroll of identify {unknown}
 d - a scroll of immolation {unknown}
Potions
 e - a potion of brilliance {unknown}


   Skills:
 + Level 3.3 Fighting
 - Level 2.6 Long Blades
 + Level 2.7 Spellcasting


You had 4 spell levels left.
You knew the following spells:

 Your Spells              Type           Power      Damage    Failure   Level
a - Scorch                Fire           20%        2d6       11%         2
Your spell library was empty.

Dungeon Overview and Level Annotations

Branches:
Dungeon (1/15)

Altars:


Innate Abilities, Weirdness & Mutations

You are immune to sickness and miasma.
You are immune to poison.
Your flesh is very heat resistant. (rF++)
You are vulnerable to cold. (rC-)
You float through the air rather than walking.
You learn spells naturally, not from books.
Your magical power is your life essence.
You have superior vitality. (+4 HP)


Message History

An endoplasm is nearby!
An endoplasm is nearby!
The endoplasm quivers.
You hit the endoplasm. You burn the endoplasm.
The endoplasm hits you but does no damage.
You hit the endoplasm but do no damage.
The endoplasm hits you but does no damage.
You hit the endoplasm but do no damage.
The endoplasm hits you but does no damage.
You barely miss the endoplasm. The endoplasm closely misses you.
You hit the endoplasm. You burn the endoplasm.
No target in view!
No target in view!
Found a stone staircase leading down.
A goblin comes into view. It is wielding a +0 dagger.
The goblin shouts!
A goblin is nearby!
A goblin is nearby!
The goblin closely misses you.
You hit the goblin. You burn the goblin.
No target in view!
No target in view!
Things that are here:
a +0 dagger; a goblin corpse A hobgoblin comes into view.
The hobgoblin shouts!
A hobgoblin is nearby!
A hobgoblin is nearby!
The hobgoblin hits you.
You take 3 damage, and have 22/25 hp.
You closely miss the hobgoblin. The hobgoblin hits you.
You take 3 damage, and have 19/25 hp.
You hit the hobgoblin but do no damage. The hobgoblin hits you.
You take 3 damage, and have 16/25 hp.
You barely miss the hobgoblin. The hobgoblin closely misses you.
You hit the hobgoblin. You burn the hobgoblin.
No target in view!
No target in view!
An endoplasm and a dart slug come into view.
The endoplasm quivers.
Health restored: 25
There are monsters nearby!
There are monsters nearby!
There are monsters nearby!
A kobold comes into view. It is wielding a +0 short sword.
The kobold shouts!
The dart slug launches a dart at you. The slug dart hits you.
You take 2 damage, and have 23/25 hp.
The kobold throws a stone.
The stone misses you. The dart slug launches a dart at you.
The slug dart misses you.
You hit the endoplasm. You burn the endoplasm.
The endoplasm hits you but does no damage.
The endoplasm closely misses you.
You completely miss the endoplasm. The dart slug launches a dart at you.
The slug dart hits you. The endoplasm hits you.
You take 6 damage, and have 17/25 hp.
MASSIVE DAMAGE!!
You hit the endoplasm. You burn the endoplasm.
The kobold hits you with a +0 short sword.
The endoplasm closely misses you. The dart slug launches a dart at you.
The slug dart hits you.
You take 4 damage, and have 13/25 hp.
You are too injured to fight recklessly!
You are too injured to fight recklessly!
You are too injured to fight recklessly!
Casting: Scorch (safe; 11% risk of failure)
Confirm with . or Enter, or press ? or * to list all spells.
Flames lash the endoplasm.
The endoplasm's fire resistance burns away.
The kobold closely misses you. The endoplasm freezes you.
You are frozen.
You feel a terrible chill!
* * * LOW HITPOINT WARNING * * *
You take 6 damage, and have 7/25 hp.
MASSIVE DAMAGE!!
Casting: Scorch (safe; 11% risk of failure)
Confirm with . or Enter, or press ? or * to list all spells.
Flames lash the kobold.
* * * LOW HITPOINT WARNING * * *
The endoplasm hits you but does no damage.
You take 2 damage, and have 5/25 hp.
Casting: Scorch (safe; 11% risk of failure)
Confirm with . or Enter, or press ? or * to list all spells.
Flames lash the endoplasm.
The endoplasm is burned terribly!
* * * LOW HITPOINT WARNING * * *
The dart slug launches a dart at you. The slug dart misses you.
You take 1 damage, and have 4/25 hp.
Casting: Scorch (safe; 11% risk of failure)
Confirm with . or Enter, or press ? or * to list all spells.
Flames lash the dart slug.
The dart slug's fire resistance burns away.
* * * LOW HITPOINT WARNING * * *
You take 2 damage, and have 2/25 hp.
You hit the dart slug but do no damage. The dart slug launches a dart at you.
The slug dart hits you.
You die...

############
#..........#
#..........#
#..........#
#..........# #
#....)w....# .
#....@.....# .
#..........# .
#..........# ≈
####.###.##########
≈
.................#
≈
###.###....####.##
≈... #. ####.# #.#
≈...
..######.####.###
≈...
...............#


You could see a dart slug (combustible).

Vanquished Creatures
  A bat (D:1)
  2 endoplasms (D:1)
  2 goblins (D:1)
  A hobgoblin (D:1)
  3 kobolds (D:1)
  A quokka (D:1)
10 creatures vanquished.

Notes
Turn   | Place    | Note
-------+----------+-------------------------------------------
     0 | D:1      | IndexError the Djinni Cinder Acolyte began the quest for
                  | the Orb.
     0 | D:1      | Reached XP level 1. HP: 20/20 MP: 0/0
   258 | D:1      | Reached XP level 2. HP: 25/25 MP: 0/0
   448 | D:1      | Killed from afar by a dart slug

Illustrated notes

Levels and vault maps discovered:
D:1:      dpeg_arrival_castle, layout_rooms, hangedman_decor_push

Action                   || total
-------------------------++-------
Melee: Falchion          ||    28
 Cast: Scorch            ||     4
Armor: Robe              ||    12
Dodge: Dodged            ||    22

Table legend: (Time is in decaauts)
 A = Elapsed time spent in this place.
 B = Non-inter-level travel time spent in this place.
 C = Inter-level travel time spent in this place.
 D = Time resting spent in this place.
 E = Time spent auto-exploring this place.
 F = Levels seen in this place.
 G = Mean time per level.
                   A        B        C        D        E       F      G
               +--------+--------+--------+--------+--------+-----+--------+
         Total |    452 |    452 |      0 |      0 |    378 |   1 |  452.0 |
       Dungeon |    452 |    452 |      0 |      0 |    378 |   1 |  452.0 |
               +--------+--------+--------+--------+--------+-----+--------+

Top non-repeatable levels by time:
     D:1: 452 daAuts

Table legend:
 A = Kills in this place as a percentage of kills in entire the game.
 B = Kills by you in this place as a percentage of kills by you in the entire game.
 C = Kills by friends in this place as a percentage of kills by friends in the entire game.
 D = Other kills in this place as a percentage of other kills in the entire game.
 E = Experience gained in this place as a percentage of experience gained in the entire game.
 F = Experience gained in this place divided by the number of levels of this place that you have seen.
                   A       B       C       D       E      F
               +-------+-------+-------+-------+-------+----------------------
         Total | 100.0 | 100.0 |   N/A |   N/A | 100.0 |  19.0
       Dungeon | 100.0 | 100.0 |   N/A |   N/A | 100.0 |  19.0
               +-------+-------+-------+-------+-------+----------------------
